 Dungeon Crawl Stone Soup version 0.24-a0-170-gd8427f5 (webtiles) character file.

Game seed: 3028916512146935464

74 Dfrag the Grave Robber (level 4, 30/36 HPs)
             Began as a Deep Dwarf Necromancer on Mar 9, 2019.
             Quit the game on level 2 of the Dungeon.
             The game lasted 00:02:41 (1387 turns).

Dfrag the Grave Robber (Deep Dwarf Necromancer)     Turns: 1387, Time: 00:02:42

Health: 30/36      AC:  3    Str: 12    XL:     4   Next: 9%
Magic:  2/7        EV: 12    Int: 16    God:
Gold:   97         SH:  0    Dex: 13    Spells: 5/9 levels left

rFire    . . .     SeeInvis .   (no weapon)
rCold    . . .     Gourm    .   (no shield)
rNeg     . . .     Faith    .   a - +0 robe
rPois    .         Spirit   .   (no helmet)
rElec    .         Reflect  .   h - +0 cloak (curse)
rCorr    .         Harm     .   (no gloves)
MR       .....                  (no boots)
Stlth    ++........             (no amulet)
HPRegen  0.00/turn              g - ring of flight
MPRegen  0.10/turn              (no ring)

@: mildly poisoned (30 -> 30), non-regenerating
A: damage resistance, heal wounds, sense surroundings 1, no regeneration
a: Heal Wounds, Evoke Flight


You were on level 2 of the Dungeon.
You were not hungry.

You visited 1 branch of the dungeon, and saw 2 of its levels.

You collected 97 gold pieces.

Inventory:

Armour
 a - a +0 robe (worn)
 h - a cursed +0 cloak (worn)
Jewellery
 g - a ring of flight (left hand)
 l - a +3 ring of protection {unknown}
Scrolls
 e - a scroll of identify {unknown}
 f - a scroll of immolation {unknown}
 j - a scroll of amnesia {unknown}
 k - a scroll of enchant armour {unknown}
 n - a scroll of blinking {unknown}
 p - a scroll of teleportation {unknown}
Potions
 b - a potion of agility {unknown}
 d - a potion of brilliance {unknown}
 i - 2 potions of heal wounds {unknown}
 m - a potion of curing {unknown}
 o - a potion of degeneration {unknown}
Comestibles
 c - 3 rations


   Skills:
 - Level 2.1 Dodging
 - Level 2.4 Stealth
 * Level 3.2 Spellcasting
 + Level 5.0 Necromancy


You had 5 spell levels left.
You knew the following spells:

 Your Spells              Type           Power        Failure   Level  Hunger
a - Pain                  Necr           ###.         2%          1    None
b - Vampiric Draining     Necr           ###.......   7%          3    ###....

Your spell library contained the following spells:

 Spells                   Type           Power        Failure   Level  Hunger
 Animate Skeleton         Necr           N/A          2%          1    None
 Animate Dead             Necr           N/A          22%         4    ####...
 Regeneration             Chrm/Necr      Unusable     N/A         3    N/A

Dungeon Overview and Level Annotations

Branches:
Dungeon (2/15)

Altars:


Innate Abilities, Weirdness & Mutations

You are resistant to damage.
You can heal yourself by infusing magical energy.
You passively map a small area around you.
You do not regenerate.


Message History

The adder is almost dead.
The adder bites you.
* * * LOW HITPOINT WARNING * * *
You barely miss the adder.
The adder is almost dead.
The adder closely misses you. The adder bites you.
* * * LOW HITPOINT WARNING * * *
You hit the adder but do no damage.
The adder is almost dead.
The adder bites you but does no damage.
You hit the adder.
You kill the adder!
You have reached level 4!
You feel stronger.
You see here 8 poisoned javelins.
i - 2 puce potions (gained 1)
You now have 97 gold pieces (gained 6).
Your magical essence is drained by the effort!
You feel much better.
Are you sure you want to abandon this character and quit the game? (Confirm with "yes".)

# ####.#.###.# * , , ,
####....#.....## , , *
.##..#######...## #
.....>.<#.......##.##
.#####..#.(.........# ##
#..#.......##..###. #
#..........(......, #
#.#.........#..####
######.....#....@.......
* *
#..........#.....#..####
#.######...#.....#,.# >
..## #...####### # * *
##.#####...* ** , ,*
#........., * * *
##.#####... * , ..## * ,
, , .## ,, ..######


There were no monsters in sight!

Vanquished Creatures
  3 adders (D:2)
  4 dart slugs (D:1)
  A leopard gecko (D:1)
  A ball python (D:1)
  2 bats (D:1)
  3 giant cockroaches (D:1)
  6 goblins
  4 hobgoblins (D:1)
  3 jackals (D:1)
  4 kobolds
  3 frilled lizards
  3 rats (D:1)
37 creatures vanquished.

Notes
Turn   | Place    | Note
-------+----------+-------------------------------------------
     0 | D:1      | Dfrag the Deep Dwarf Necromancer began the quest for the
                  | Orb.
     0 | D:1      | Reached XP level 1. HP: 15/15 MP: 3/3
   245 | D:1      | Reached XP level 2. HP: 17/22 MP: 0/5
   566 | D:1      | Reached XP level 3. HP: 16/28 MP: 4/7
   675 | D:1      | Learned a level 3 spell: Vampiric Draining
  1288 | D:2      | Reached skill level 5 in Necromancy
  1370 | D:2      | Reached XP level 4. HP: 9/36 MP: 0/8
  1387 | D:2      | Quit the game

Levels and vault maps discovered:
D:1:      sevenhm_arrival_forest_fort_large_2, layout_basic, corner_web_ring
D:2:      cheibrodos_greedy_goblins, layout_loops_ring, first_ration,
          minivault_14

Skill      XL: |  1  2  3 |
---------------+----------+-----
Spellcasting   | 2 3 |  3.2
Necromancy     | 5 |  5.0
Dodging        | |  2.1
Stealth        | |  2.4

Action                   |  1- 3 |  4- 6 || total
-------------------------+-------+-------++-------
Melee: Unarmed           |    79 |       ||    79
 Cast: Pain              |    64 |       ||    64
       Vampiric Draining |     5 |       ||     5
 Abil: Heal Wounds       |       |     1 ||     1
  Eat: Ration            |     1 |       ||     1
Armor: Robe              |    23 |       ||    23
Dodge: Dodged            |    71 |       ||    71

Table legend:
 A = Non-vault XP
 B = Vault XP
 C = Vault XP percentage of total XP
 D = Non-vault monster count
 E = Vault monster count
 F = Vault count percentage of total count
                 A         B        C        D         E       F
            +---------+---------+-------+---------+---------+-------
      Total |     106 |       0 |   0.0 |      37 |       0 |   0.0
            +---------+---------+-------+---------+---------+-------
        D:1 |      63 |       0 |   0.0 |      31 |       0 |   0.0
        D:2 |      43 |       0 |   0.0 |       6 |       0 |   0.0
            +---------+---------+-------+---------+---------+-------
